 Dungeon Crawl Stone Soup version 0.28-a0-1234-g826d19b2e0 (webtiles) character file.

Game seed: 10632230255913169778

1225 HessuHobo the Ruffian (level 8, -4/78 HPs)
             Began as a Troll Monk on Dec 24, 2021.
             Was an Elder of Okawaru.
             Shot with an arrow by a centaur (13 damage)
             ... on level 6 of the Dungeon.
             The game lasted 00:08:32 (4494 turns).

HessuHobo the Ruffian (Troll Monk)                  Turns: 4494, Time: 00:08:33

Health: -4/78      AC:  4    Str: 20    XL:     8   Next: 23%
Magic:  9/9        EV: 10    Int:  6    God:    Okawaru [****..]
Gold:   143        SH:  0    Dex: 14    Spells: 7/7 levels left

rFire   . . .      SeeInvis .     - Unarmed
rCold   . . .      Faith    .   (no shield)
rNeg    . . .      Spirit   .   a - +0 robe
rPois   .          Reflect  .   (helmet restricted)
rElec   .          Harm     .   (no cloak)
rCorr   .          Rampage  .   (gloves unavailable)
Will    .....                   (boots unavailable)
Stlth   ++........              (no amulet)
HPRegen 1.03/turn               (no ring)
MPRegen 0.11/turn               (no ring)

@: no status effects
A: large, unfitting armour, claws 3, regeneration 1, shaggy fur 1, tough skin 1
a: Renounce Religion, Heroism, Finesse


You were on level 6 of the Dungeon.
You worshipped Okawaru.
Okawaru was greatly pleased with you.
You visited 1 branch of the dungeon, and saw 5 of its levels.

You collected 143 gold pieces.

Inventory:

Missiles
 c - 99 stones (quivered)
 h - 3 javelins
Armour
 a - a +0 robe (worn)
 k - a +0 kite shield
Jewellery
 b - a +4 ring of evasion
Scrolls
 d - a scroll of vulnerability {unknown}
 e - 2 scrolls of teleportation {unknown}
 i - 2 scrolls of identify {unknown}
 m - a scroll of immolation {unknown}
 n - a scroll of brand weapon {unknown}
Potions
 f - a potion of brilliance {unknown}
 g - a potion of flight {unknown}
 j - a potion of invisibility {unknown}
 l - 4 potions of curing {unknown}
 o - a potion of berserk rage {unknown}
 p - a potion of haste {unknown}


   Skills:
 + Level 4.2 Fighting
 + Level 3.4 Throwing
 + Level 3.1 Armour
 - Level 2.4 Dodging
 - Level 1.0 Stealth
 * Level 6.5 Unarmed Combat
 + Level 3.1 Invocations


You had 7 spell levels left.
You didn't know any spells.
Your spell library contained the following spells:

 Spells                   Type           Power      Damage    Failure   Level
 Beastly Appendage        Tmut           0%         N/A       45%         1
 Slow                     Hex            0%         N/A       45%         1
 Passwall                 Tmut/Erth      0%         N/A       58%         2
 Wereblood                Tmut           0%         N/A       58%         2
 Confusing Touch          Hex            0%         N/A       83%         3
 Dazzling Flash           Conj/Hex       0%         N/A       83%         3
 Spider Form              Tmut/Pois      0%         N/A       83%         3
 Swiftness                Air            0%         N/A       83%         3
 Agony                    Necr           0%         N/A       100%        5
 Silence                  Hex/Air        0%         N/A       100%        5
 Yara's Violent Unravell  Hex/Tmut       0%         3d3       100%        5


Dungeon Overview and Level Annotations

Branches:
Dungeon (4/15)
 Temple: D:4-7

Altars:
Okawaru


Innate Abilities, Weirdness & Mutations

You are too large for most types of armour.
You have claws for hands.
Your natural rate of healing is unusually fast.
You are covered in fur. (AC +1)
You have tough skin. (AC +1)


Message History

You barely miss the bullfrog skeleton. You claw the bullfrog skeleton.
The bullfrog skeleton is heavily damaged.
The bullfrog skeleton hits you.
You scratch the bullfrog skeleton but do no damage.
The bullfrog skeleton is heavily damaged.
The bullfrog skeleton hits you but does no damage.
You mangle the bullfrog skeleton!!
You destroy the bullfrog skeleton!
Okawaru accepts your kill.
Your Armour skill increases to level 3!
You claw the yak!
The yak is moderately wounded.
The yak barely misses you.
The yak bellows!
You claw the yak!
The yak is severely wounded.
The yak gores you.
You barely miss the yak.
The yak is severely wounded.
The yak gores you! x2
You claw the yak!
The yak is almost dead.
The yak barely misses you. The yak closely misses you.
You scratch the yak.
You kill the yak!
Okawaru accepts your kill. The yak gores you.
Your Invocations skill increases to level 3!
Found a stone staircase leading down.
You scratch the yak but do no damage. The yak gores you!
You scratch the yak but do no damage. The yak gores you!
* * * LOW HITPOINT WARNING * * *
A centaur comes into view.
The centaur shouts!
The yak snorts and paws the ground.
The centaur wields a +0 shortbow.
The centaur shoots an arrow.
The arrow hits you!
* * * LOW HITPOINT WARNING * * *
The centaur shoots an arrow.
The arrow hits you!
You die...

...
#........#
#^.......#
#........#
##.......#
#.......#
#.......#
#.[.....#
#....YY##
#.....@#
..........#
.........>#
..##.......#
.. #.......#
#...c..##
#......#
+.......


You could see 2 yaks and a centaur.

Vanquished Creatures
  A yak (D:6)
  A water moccasin (D:4)
  2 ogres (D:3)
  A gnoll sergeant (D:2)
  2 bullfrog skeletons (D:6)
  2 hounds (D:3)
  2 jellies (D:4)
  2 orc priests
  3 gnoll shamans
  Jessica (D:3)
  2 orc wizards
  A killer bee zombie (D:6)
  8 adders
  12 gnolls
  2 dart slugs
  23 orcs
  4 ball pythons
  10 bats
  6 endoplasms
  3 giant cockroaches
  7 goblins
  7 hobgoblins
  16 jackals
  2 quokkas
  A frilled lizard (D:2)
  5 kobolds
  6 rats
132 creatures vanquished.

Vanquished Creatures (others)
  A plant (D:3)
1 creature vanquished.

Grand Total: 133 creatures vanquished

Notes
Turn   | Place    | Note
-------+----------+-------------------------------------------
     0 | D:1      | HessuHobo the Troll Monk began the quest for the Orb.
     0 | D:1      | Reached XP level 1. HP: 22/22 MP: 0/0
   209 | D:1      | Reached XP level 2. HP: 29/29 MP: 1/1
   432 | D:1      | Found a faded altar of an unknown god.
   943 | D:1      | Prayed at the altar of an unknown god.
   943 | D:1      | Became a worshipper of Warmaster Okawaru
   943 | D:1      | Reached * piety under Okawaru
   943 | D:1      | Reached ** piety under Okawaru
  1015 | D:2      | Reached XP level 3. HP: 36/36 MP: 2/2
  1068 | D:2      | Reached skill level 1 in Armour
  1430 | D:2      | Reached *** piety under Okawaru
  1431 | D:2      | Reached skill level 1 in Throwing
  1431 | D:2      | Reached XP level 4. HP: 44/44 MP: 3/3
  1600 | D:2      | Reached skill level 4 in Unarmed Combat
  1926 | D:3      | Noticed an ogre
  1929 | D:3      | Killed an ogre
  1930 | D:3      | Reached XP level 5. HP: 53/53 MP: 4/4
  2098 | D:3      | Reached skill level 1 in Invocations
  2270 | D:3      | Noticed Jessica
  2274 | D:3      | Killed Jessica
  2412 | D:3      | Reached XP level 6. HP: 61/61 MP: 5/5
  2510 | D:3      | Reached skill level 5 in Unarmed Combat
  3035 | D:2      | Reached **** piety under Okawaru
  3144 | D:2      | Reached XP level 7. HP: 28/62 MP: 7/7
  4151 | D:4      | Reached skill level 6 in Unarmed Combat
  4247 | D:4      | Reached XP level 8. HP: 78/78 MP: 9/9
  4439 | D:4      | You fall into a shaft and drop 2 floors!
  4494 | D:6      | Shot with an arrow by a centaur

Illustrated notes

Levels and vault maps discovered:
D:1:      lemuel_arrival_muddy, layout_basic, ebering_ecumenical_altar_rust
D:2:      layout_loops_ring, grunt_ministairs_8, minmay_cut_off
D:3:      lemuel_castle_with_subvaults [lemuel_castle_interior_carwin_3],
          layout_loops_cross, minmay_misc_feat_alley, uniq_jessica
D:4:      layout_cave_pools, minmay_temple_entry_fiery, serial_column_ruins,
          column_ruins_square_medium, column_ruins_courtyard_long,
          column_ruins_open_small_water, column_ruins_open_small,
          column_ruins_columns_dead_end, column_ruins_grid_1,
          column_ruins_open_small, column_ruins_open_small,
          column_ruins_corridor_straight
D:6:      layout_gridville, grunt_temple_overflow_open, old_standard_altar,
          uniq_pikel

Skill      XL: |  1  2  3  4  5  6  7  8 |
---------------+-------------------------+-----
Armour         | 1 2 3 |  3.1
Throwing       | 1 2 3 |  3.4
Unarmed Combat | 4 5 6 |  6.5
Fighting       | 3 4 |  4.2
Invocations    | 1 2 3 |  3.1
Dodging        | |  2.4
Stealth        | |  1.0

Action                   |  1- 3 |  4- 6 |  7- 9 || total
-------------------------+-------+-------+-------++-------
Melee: Unarmed           |    78 |   158 |   121 ||   357
       Punch             |       |     4 |     4 ||     8
Throw: Stone             |       |    17 |    42 ||    59
 Stab: Sleeping          |     3 |     2 |     1 ||     6
Armor: Robe              |    28 |    61 |    28 ||   117
Dodge: Dodged            |    34 |   135 |    69 ||   238

Table legend: (Time is in decaauts)
 A = Elapsed time spent in this place.
 B = Non-inter-level travel time spent in this place.
 C = Inter-level travel time spent in this place.
 D = Time resting spent in this place.
 E = Time spent auto-exploring this place.
 F = Levels seen in this place.
 G = Mean time per level.
                   A        B        C        D        E       F      G
               +--------+--------+--------+--------+--------+-----+--------+
         Total |   4482 |   4245 |    237 |   1197 |   2035 |   5 |  896.4 |
       Dungeon |   4482 |   4245 |    237 |   1197 |   2035 |   5 |  896.4 |
               +--------+--------+--------+--------+--------+-----+--------+

Top non-repeatable levels by time:
     D:3: 1519 daAuts
     D:2: 1315 daAuts
     D:1: 955 daAuts
     D:4: 639 daAuts
     D:6: 52 daAuts
